 Dungeon Crawl Stone Soup version 0.23.0 (webtiles) character file.

Game seed: 6717136125510785718

4374 LostNumber the Grappler (level 10, -3/100 HPs)
             Began as a Troll Air Elementalist on Feb 9, 2019.
             Slain by a two-headed ogre
             ... wielding a +0 giant spiked club
              (10 damage)
             ... on level 8 of the Dungeon.
             The game lasted 00:21:14 (6688 turns).

LostNumber the Grappler (Troll Air Elementalist)    Turns: 6688, Time: 00:21:15

Health: -3/100     AC:  7    Str: 21    XL:     10   Next: 13%
Magic:  12/12      EV: 10    Int: 17    God:
Gold:   254        SH:  0    Dex: 12    Spells: 10/11 levels left

rFire    . . .     SeeInvis .     - Unarmed
rCold    + . .     Gourm    +   (no shield)
rNeg     . . .     Faith    .   s - +1 robe {rC+}
rPois    .         Spirit   .   (helmet restricted)
rElec    +         Reflect  .   (no cloak)
rCorr    .         Harm     .   (gloves unavailable)
MR       .....                  (boots unavailable)
Stlth    ++........             p - amulet "Xocha" {Acrobat rElec rF- Int+4 Dex+2}
HPRegen  0.66/turn              i - ring of protection from fire
MPRegen  0.13/turn              u - +2 ring of intelligence

@: studying Slings
A: large, unfitting armour, claws 3, fast metabolism 3, gourmand, regeneration
1, shaggy fur 1, tough skin 3
a: no special abilities


You were on level 8 of the Dungeon.
You were completely stuffed.

You visited 2 branches of the dungeon, and saw 9 of its levels.
You also visited: Sewer.

You collected 369 gold pieces.
You spent 115 gold pieces at shops.

Inventory:

Armour
 a - a +0 robe
 s - a +1 robe of cold resistance (worn)
   (You took it off Blork the orc on level 5 of the Dungeon)
Jewellery
 i - a ring of protection from fire (left claw)
   (You found it on level 2 of the Dungeon)
 p - the amulet "Xocha" (around neck) {Acrobat rElec rF- Int+4 Dex+2}
   (You found it on level 4 of the Dungeon)

   [amulet of the acrobat]

   It helps you evade while moving and waiting.
   It affects your intelligence (+4).
   It affects your dexterity (+2).
   It makes you vulnerable to fire.
   It insulates you from electricity.
 u - a +2 ring of intelligence (right claw)
   (You found it on level 5 of the Dungeon)
Wands
 d - a wand of iceblast (5)
   (You found it on level 5 of the Dungeon)
 h - a wand of enslavement (8)
   (You found it on level 5 of the Dungeon)
 t - a wand of flame (8)
   (You took it off an orc on level 5 of the Dungeon)
 v - a wand of clouds (4)
   (You found it on level 5 of the Dungeon)
Scrolls
 f - 5 scrolls of immolation {!r}
 g - 5 scrolls of fear
 k - 3 scrolls of random uselessness {unknown}
 l - 3 scrolls of blinking {unknown}
 m - 2 scrolls of magic mapping
 o - 2 scrolls of remove curse {unknown}
 w - a scroll of enchant weapon
 y - a scroll of silence {unknown}
 B - a scroll of teleportation {unknown}
 C - a scroll of amnesia {unknown}
Potions
 b - 2 potions of curing {@q1}
 c - a potion of lignification {!q}
 j - 4 potions of flight
 n - a potion of might {unknown}
 r - a potion of haste {@q3}
 x - a potion of brilliance {unknown}
 z - 4 potions of heal wounds {unknown}
 A - 2 potions of agility {unknown}
Books
 q - a manual of Slings {!d}
   (You found it on level 4 of the Dungeon)
Comestibles
 e - 8 rations {!d}
 D - a chunk of flesh


   Skills:
 + Level 6.4 Fighting
 - Level 1.5 Dodging
 - Level 1.0 Stealth
 * Level 10.9 Unarmed Combat
 - Level 1.2 Spellcasting
 - Level 0.6 Conjurations
 - Level 2.0 Air Magic
 + Level 4.4 Evocations


You had 10 spell levels left.
You knew the following spells:

 Your Spells              Type           Power        Failure   Level  Hunger
a - Shock                 Conj/Air       #...         12%         1    ##.....

Your spell library contained the following spells:

 Spells                   Type           Power        Failure   Level  Hunger
 Magic Dart               Conj           #...         17%         1    ##.....
 Swiftness                Chrm/Air       #.......     22%         2    ###....
 Blink                    Tloc           N/A          32%         2    ###....
 Call Imp                 Summ           #.......     32%         2    ###....
 Slow                     Hex            #.......     32%         2    ###....
 Static Discharge         Conj/Air       #.......     36%         3    ####...
 Mephitic Cloud           Conj/Pois/Air  #.......     41%         3    ####...
 Conjure Flame            Conj/Fire      #.......     50%         3    ####...
 Airstrike                Air            #.........   67%         4    #####..
 Lightning Bolt           Conj/Air       #.........   98%         5    ######.


Dungeon Overview and Level Annotations

Branches:
Dungeon (8/15)             Temple (1/1) D:6
   Lair: D:8-11

Altars:
Ashenzari
Cheibriados
Dithmenos
Elyvilon
Fedhas
Gozag
Hepliaklqana
Kikubaaqudgha
Makhleb
Nemelex Xobeh
Okawaru
Qazlal
Ru
Sif Muna
Trog
Uskayaw
Vehumet
Wu Jian
Xom
Yredelemnul
Zin
The Shining One

Shops:
D:4 %   D:5 *

Annotations:
D:5 1 runed translucent door, Gargoyl's ghost, novice CeAK
D:6 2 runed translucent doors, tensugalgo's ghost, novice GnAs


Innate Abilities, Weirdness & Mutations

You are too large for most types of armour.
You have claws for hands.
Your metabolism is lightning-fast.
You like to eat raw meat.
Your natural rate of healing is unusually fast.
You are covered in fur. (AC +1)
You have extremely tough skin. (AC +3)


Message History

D - a chunk of flesh
There is an open door, spattered with blood here.
Items here: ) [ ÷ † a +0 halberd of chopping; a +0 animal skin; a wolf skeleton the gnoll corpse of Grum You butcher the gnoll corpse of Grum.
D - 5 chunks of flesh (gained 4)
There is an open door, spattered with blood here.
Items here: ) [ ÷÷ a +0 halberd of chopping; a +0 animal skin; a wolf skeleton the gnoll skeleton of Grum You start resting.
Eating one of 5 chunks of flesh.
You eat one of the 5 chunks of flesh.
This raw flesh tastes great.
Eating one of 4 chunks of flesh.
You eat one of the 4 chunks of flesh.
This raw flesh tastes great.
Eating one of 3 chunks of flesh.
You eat one of the 3 chunks of flesh.
This raw flesh tastes great.
There is a stone staircase leading down here.
You open the door.
Found a hunting sling.
There is an open door here.
There is an open door here.
Eating one of 2 chunks of flesh.
You eat one of the 2 chunks of flesh.
This raw flesh tastes great.
You open the door.
There is an open door here.
Found 18 bolts.
Unknown command.
There is an open door here.
There is an open door here.
There is an open door here.
You open the door.
Found a stone staircase leading up.
There is an open door here.
As you open the door, it creaks loudly!
You hear two shouts!
A two-headed ogre comes into view.
It is wielding a +0 giant spiked club and a +0 giant club.
There is an open door here.
You claw the two-headed ogre!
The two-headed ogre hits you with a +0 giant spiked club!
The two-headed ogre hits you with a +0 giant club!
You claw the two-headed ogre! You mangle the two-headed ogre!!
The two-headed ogre hits you with a +0 giant spiked club!!
The two-headed ogre hits you with a +0 giant club!!
* * * LOW HITPOINT WARNING * * *
You claw the two-headed ogre!
The two-headed ogre hits you with a +0 giant spiked club!!
* * * LOW HITPOINT WARNING * * *
The two-headed ogre hits you with a +0 giant club!
You die...

...##.....##...##
'###########'#####
....# #......#
....# #......#
....# #......#
....# #......#
'#### #..<...#
....# #......#
....# ######@#
....# #.......O.#
....# #.........#
....# #.........#
....# #......#+##
....# #......
....# #......
....# ######.
....#


You could see a two-headed ogre.

Vanquished Creatures
  An unseen horror (D:6)
  A hornet (D:8)
  Grum (D:8)
  Eustachio (D:6)
  Edmund (D:5)
  A water moccasin (D:5)
  Purgy (D:3)
  An orc warrior (D:7)
  2 ice beasts
  2 sky beasts (D:6)
  An eye of draining (D:6)
  A necrophage (D:8)
  4 ogres
  A phantom (D:7)
  2 wolves (D:8)
  2 centaurs
  2 big kobolds (Sewer)
  2 bullfrogs
  Blork the orc (D:5)
  A gnoll sergeant (D:7)
  5 wights (D:7)
  A howler monkey (D:4)
  3 crimson imps (D:6)
  2 jellies
  2 bullfrog skeletons
  3 orc priests
  3 hounds
  7 orc wizards
  2 iguanas
  A howler monkey zombie (D:7)
  Robin (D:2)
  2 worker ant zombies
  4 gnolls (D:7)
  11 adders
  3 river rats (Sewer)
  4 oozes
  An adder skeleton (D:7)
  3 worms
  A dart slug (D:2)
  5 leopard geckos
  28 orcs
  6 giant cockroaches
  16 goblins
  6 hobgoblins
  3 quokkas
  3 ball pythons (Sewer)
  7 bats
  3 frilled lizards
  22 kobolds
  28 rats
  A fungus (D:5)
216 creatures vanquished.

Vanquished Creatures (others)
  A human (D:3)
  6 toadstools (D:5)
7 creatures vanquished.

Grand Total: 223 creatures vanquished

Notes
Turn   | Place    | Note
-------+----------+-------------------------------------------
     0 | D:1      | LostNumber the Troll Air Elementalist began the quest for
                  | the Orb.
     0 | D:1      | Reached XP level 1. HP: 16/16 MP: 1/1
   100 | D:1      | Reached skill level 1 in Unarmed Combat
   156 | D:1      | Reached XP level 2. HP: 26/26 MP: 2/2
   783 | D:1      | Reached skill level 1 in Fighting
   783 | D:1      | Reached skill level 2 in Unarmed Combat
   854 | D:2      | Reached XP level 3. HP: 33/33 MP: 3/3
  1156 | D:2      | Noticed Robin
  1167 | D:2      | Killed Robin
  1167 | D:2      | Reached skill level 3 in Unarmed Combat
  1167 | D:2      | Reached XP level 4. HP: 38/41 MP: 4/4
  1526 | D:2      | Found a sacrificial altar of Ru.
  1526 | D:2      | Found a shattered altar of Ashenzari.
  1851 | D:3      | Reached XP level 5. HP: 32/49 MP: 5/5
  1858 | D:3      | Reached skill level 4 in Unarmed Combat
  2162 | D:3      | Found an ancient bone altar of Kikubaaqudgha.
  2162 | D:3      | Noticed a human
  2165 | D:3      | Killed a human
  2382 | D:3      | Found a radiant altar of Vehumet.
  2384 | D:3      | Noticed Purgy
  2408 | D:3      | Killed Purgy
  2408 | D:3      | Reached skill level 5 in Unarmed Combat
  2408 | D:3      | Reached XP level 6. HP: 59/59 MP: 6/6
  2635 | D:4      | Found Zanotusm's Food Boutique.
  2807 | D:4      | Got a scorched amethyst amulet
  3028 | D:4      | Found a bloodstained altar of Trog.
  3556 | D:5      | Entered Level 5 of the Dungeon
  3588 | D:5      | Noticed Blork the orc
  3644 | D:5      | Killed Blork the orc
  3644 | D:5      | Reached skill level 6 in Unarmed Combat
  3644 | D:5      | Reached XP level 7. HP: 50/67 MP: 7/7
  3665 | D:5      | Identified the amulet "Xocha" {Acrobat rElec rF- Int+4
                  | Dex+2} (You found it on level 4 of the Dungeon)
  3791 | D:5      | Found Peusen's Assorted Antiques.
  3796 | D:5      | Bought a bound granite ring for 115 gold pieces
  3796 | D:5      | Identified the ring of Wedavuy {+Blink rElec rN+ MR- Int+4}
                  | (You bought it in a shop on level 5 of the Dungeon)
  3924 | D:5      | Noticed Edmund
  3942 | D:5      | Killed Edmund
  3942 | D:5      | Reached skill level 7 in Unarmed Combat
  3947 | D:5      | Found a glowing golden altar of the Shining One.
  4085 | D:5      | Reached XP level 8. HP: 55/78 MP: 8/8
  4213 | D:5      | Found a runed translucent door.
  4215 | D:5      | Noticed Gargoyl's ghost (novice CeAK)
  4298 | D:6      | Killed an unseen horror
  4298 | D:6      | Reached skill level 8 in Unarmed Combat
  4309 | D:6      | Noticed Eustachio
  4325 | D:6      | Killed Eustachio
  4360 | D:6      | Reached skill level 5 in Fighting
  4418 | D:6      | Found a runed translucent door.
  4419 | D:6      | Found a staircase to the Ecumenical Temple.
  4436 | D:6      | Found a glowing drain.
  4447 | Sewer    | Entered a sewer
  4660 | Sewer    | Reached skill level 9 in Unarmed Combat
  4660 | Sewer    | Reached XP level 9. HP: 66/88 MP: 8/10
  5140 | D:6      | Noticed tensugalgo's ghost (novice GnAs)
  5181 | Temple   | Entered the Ecumenical Temple
  5391 | D:6      | Found a runed translucent door.
  5691 | D:7      | Reached skill level 10 in Unarmed Combat
  5932 | D:7      | Found an opulent altar of Gozag.
  6284 | D:8      | Reached XP level 10. HP: 63/98 MP: 12/12
  6531 | D:8      | Noticed Grum
  6546 | D:8      | Killed Grum
  6684 | D:8      | Noticed a two-headed ogre
  6688 | D:8      | Slain by a two-headed ogre

Skill      XL: |  1  2  3  4  5  6  7  8  9 |
---------------+----------------------------+-----
Unarmed Combat | 1 2 3 5 6 7 9 10 | 10.9
Fighting       | 1 2 3 4 5 6 |  6.4
Evocations     | 2 4 |  4.4
Dodging        | |  1.5
Stealth        | |  1.0
Spellcasting   | |  1.2
Conjurations   | |  0.6
Air Magic      | |  2.0

Action                   |  1- 3 |  4- 6 |  7- 9 | 10-12 || total
-------------------------+-------+-------+-------+-------++-------
Melee: Unarmed           |   125 |   176 |   355 |    34 ||   690
       Punch             |     1 |       |    13 |     1 ||    15
Evoke: Wand              |       |       |     1 |       ||     1
  Use: Scroll            |       |     3 |     8 |       ||    11
       Potion            |       |     2 |     2 |       ||     4
 Stab: Sleeping          |     1 |     1 |     2 |       ||     4
  Eat: Chunk             |    16 |    20 |    24 |     4 ||    64
       Ration            |       |       |     1 |       ||     1
Armor: Robe              |    55 |    54 |    80 |     6 ||   195
       Skin              |       |    35 |       |       ||    35
Dodge: Dodged            |    74 |    61 |   187 |    13 ||   335
